Map: Dusk Towers

Players

Welmu

  • Race: Protoss Protoss
  • League: Grandmaster

AcerBly (Bly) - Winner!

  • Race: Zerg Zerg
  • League: Grandmaster

Event: NationWars III

VOD

Have the link to the VOD?

Description

Time

  • Played on: Jan. 2, 2016, 2:54 p.m.
  • Length: 11:41
Show
View Real Time Build Order
Export as new Build Order

Welmu Protoss 

Build Orders: Nexus First 

Get SALT Encoding   

  12  0:01  Probe (Chrono Boost)  
  13  0:11  Probe (Chrono Boost)  
  14  0:19  Pylon  
  14  0:22  Probe (Chrono Boost)  
  15  0:38  Probe (Chrono Boost)  
  16  0:48  Probe (Chrono Boost)  
  17  1:00  Nexus  
  17  1:11  Gateway  
  17  1:13  Probe (Chrono Boost)  
  18  1:20  Assimilator  
  18  1:24  Probe (Chrono Boost)  
  19  1:30  Assimilator  
  19  1:34  Probe (Chrono Boost)  
  19  1:37  Pylon  
  20  1:45  Probe (Chrono Boost)  
  21  1:55  Probe (Chrono Boost)  
  21  1:59  Cybernetics Core  
  22  2:01  Zealot  
  22  2:06  Probe (Chrono Boost)  
  25  2:12  Probe (Chrono Boost)  
  26  2:17  Probe (Chrono Boost)  
  27  2:23  Probe (Chrono Boost)  
  27  2:28  Gateway  
  29  2:30  Probe (Chrono Boost)  
  29  2:34  Probe (Chrono Boost)  
  30  2:40  Probe (Chrono Boost)  
  30  2:41  Warp Gate  
  31  2:44  Probe (Chrono Boost)  
  31  2:49  Adept (Chrono Boost)  
  31  2:51  Probe (Chrono Boost)  
  35  2:54  Probe (Chrono Boost)  
  36  3:01  Probe  
  37  3:12  Pylon  
  37  3:13  Probe  
  37  3:17  Stargate  
  38  3:27  Pylon  
  38  3:30  Mothership Core (Chrono Boost), Probe (Chrono Boost)  
  38  3:33  Adept  
  43  3:40  Probe (Chrono Boost)  
  45  3:48  Probe (Chrono Boost)  
  45  3:51  Probe (Chrono Boost), Nexus  
  45  3:53  Pylon  
  45  3:54  Pylon  
  46  3:58  Probe (Chrono Boost)  
  46  4:01  Probe (Chrono Boost)  
  48  4:04  Phoenix (Chrono Boost)  
  48  4:08  Probe  
  51  4:10  Assimilator  
  51  4:13  Probe  
  51  4:14  Assimilator  
  52  4:18  Probe  
  52  4:23  Robotics Facility  
  53  4:25  Probe  
  53  4:28  Phoenix (Chrono Boost)  
  53  4:30  Probe (Chrono Boost)  
  56  4:33  Twilight Council  
  56  4:38  Probe (Chrono Boost)  
  58  4:42  Probe (Chrono Boost)  
  59  4:49  Probe (Chrono Boost)  
  59  4:51  Phoenix  
  62  4:53  Probe (Chrono Boost), Pylon  
  62  4:58  Forge  
  62  4:59  Probe (Chrono Boost)  
  63  5:00  Sentry  
  63  5:03  Probe (Chrono Boost)  
  63  5:04  Charge  
  63  5:06  Probe (Chrono Boost)  
  67  5:10  Probe (Chrono Boost)  
  67  5:14  Probe (Chrono Boost)  
  69  5:16  Probe (Chrono Boost), Observer  
  69  5:20  Probe (Chrono Boost), Phoenix  
  74  5:24  Probe (Chrono Boost)  
  74  5:27  Probe (Chrono Boost), Protoss Ground Weapons Level 1 (Chrono Boost)  
  76  5:34  Probe (Chrono Boost)  
  75  5:39  Warp Prism (Chrono Boost)  
  75  5:40  Probe, Zealot  
  75  5:41  Probe  
  81  5:45  Gateway  
  81  5:47  Gateway  
  81  5:51  Phoenix  
  83  5:59  Probe  
  83  6:00  Probe x2  
  83  6:02  Pylon  
  86  6:04  Pylon  
  86  6:09  Zealot  
  88  6:15  Immortal (Chrono Boost)  
  88  6:16  Gateway x2  
  92  6:20  Gateway  
  92  6:29  Gateway x2  
  92  6:31  Gateway  
  92  6:35  Gateway  
  92  6:36  Gateway  
  92  6:37  Gateway  
  92  6:50  Templar Archives  
  92  6:52  Sentry, Zealot  
  92  6:53  Sentry  
  96  7:04  Void Ray (Chrono Boost)  
  94  7:19  Pylon  
  94  7:20  Pylon  
  94  7:22  Pylon  
  85  7:25  Pylon  
  76  7:30  Zealot x4  
  76  7:42  Pylon  
  76  7:44  Pylon  
  76  7:46  Void Ray  
  77  7:52  Probe x2  
  77  7:53  Probe  
  77  7:56  Zealot x3  
  86  8:01  Immortal  
  86  8:04  Robotics Facility  
  84  8:07  Robotics Facility  
  80  8:13  Pylon  
  80  8:14  Pylon  
  55  8:28  Zealot x4  
  55  8:29  Void Ray  
  65  8:34  Probe  
  59  8:41  Observer  
  22  10:57  Probe (Chrono Boost)  
  23  11:08  Probe (Chrono Boost)  
  19  11:19  Probe (Chrono Boost)  
  18  11:30  Probe (Chrono Boost)  
Show
View Real Time Build Order
Export as new Build Order

AcerBly Zerg - Winner!

Build Orders: Hatch First, Lurkers 

Get SALT Encoding   

  12  0:01  Drone  
  13  0:13  Overlord  
  13  0:21  Drone  
  14  0:31  Drone x2  
  16  0:36  Drone  
  17  0:53  Hatchery  
  16  1:06  Spawning Pool  
  16  1:08  Drone  
  16  1:12  Drone  
  16  1:17  Drone  
  18  1:19  Drone  
  19  1:47  Overlord  
  19  1:52  Zergling x4  
  21  2:02  Zergling x2  
  21  2:05  Queen x2  
  21  2:06  Zergling x2  
  27  2:18  Drone  
  27  2:19  Overlord  
  28  2:26  Drone  
  29  2:36  Drone x2  
  31  2:40  Drone, Queen  
  34  2:49  Overlord  
  34  2:51  Drone  
  34  3:01  Drone x2  
  35  3:06  Extractor  
  35  3:07  Extractor  
  35  3:08  Drone  
  35  3:10  Drone  
  34  3:15  Hatchery, Drone  
  34  3:16  Drone x3  
  37  3:22  Drone x3  
  40  3:29  Overlord  
  40  3:36  Drone x2  
  42  3:44  Overlord  
  42  3:47  Drone  
  43  3:49  Drone x3  
  46  3:56  Drone  
  46  3:57  Drone x3  
  46  4:00  Lair  
  46  4:02  Drone  
  50  4:06  Drone  
  51  4:10  Extractor  
  51  4:11  Roach Warren  
  51  4:14  Drone  
  51  4:15  Queen  
  52  4:20  Drone  
  53  4:25  Drone  
  53  4:27  Queen  
  53  4:30  Drone x5  
  61  4:33  Metabolic Boost  
  61  4:37  Extractor  
  61  4:38  Drone x3  
  63  4:42  Overlord  
  63  4:46  Overlord  
  63  4:58  Drone x2, Overlord  
  63  4:59  Glial Reconstitution  
  65  5:08  Spore Crawler  
  65  5:09  Spore Crawler  
  65  5:10  Spore Crawler  
  65  5:11  Hatchery  
  65  5:12  Drone x4  
  65  5:13  Drone  
  65  5:36  Roach x6  
  65  5:37  Roach x2  
  65  5:40  Overlord  
  81  5:47  Overlord x3  
  80  6:01  Roach  
  80  6:02  Roach x4  
  80  6:03  Overlord  
  90  6:06  Roach  
  90  6:07  Roach x2  
  90  6:08  Roach  
  90  6:09  Roach x2  
  102  6:18  Tunneling Claws  
  102  6:19  Burrow  
  102  6:20  Roach  
  102  6:21  Roach x5  
  102  6:23  Overlord  
  114  6:33  Drone x4  
  114  6:35  Extractor  
  114  6:36  Extractor  
  114  6:38  Overlord  
  116  6:40  Hydralisk Den  
  116  6:44  Drone x9  
  124  6:49  Drone  
  124  6:50  Drone x2, Extractor  
  124  6:53  Overlord  
  126  6:54  Extractor  
  119  7:07  Roach  
  119  7:08  Roach x6  
  125  7:17  Roach x6  
  125  7:19  Lurker Den  
  125  7:21  Roach x7  
  125  7:22  Roach x6  
  131  7:34  Roach x6  
  131  7:35  Overlord  
  131  7:37  Roach x2  
  139  7:49  Overlord, Roach  
  139  7:50  Roach  
  136  7:51  Roach x2  
  136  7:52  Roach x9  
  136  7:55  Roach x5  
  143  8:01  Overlord, Roach x2  
  143  8:02  Roach  
  143  8:03  Roach x2  
  143  8:04  Roach x5  
  131  8:13  Hydralisk, Roach x5  
  131  8:14  Hydralisk x5  
  137  8:20  Roach x3  
  121  8:40  Drone x10  
  117  8:42  Roach x3  
  117  8:43  Roach x3  
  109  8:51  Ravager  
  109  8:53  Lurker x4  
  109  8:54  Drone x5  
  109  8:55  Drone  
  118  8:58  Drone x2  
  112  9:11  Drone  
  112  9:12  Drone x4  
  112  9:16  Hydralisk x2  
  111  9:24  Roach x9  
  106  9:31  Overlord  
  92  9:44  Hydralisk x4  
  91  9:53  Roach x11  
  91  9:59  Hydralisk  
  82  10:22  Zergling x16  
  82  10:24  Spore Crawler, Zergling x2  
  82  10:25  Spore Crawler  
  83  10:30  Queen x3  
  69  10:43  Hydralisk x2  
  69  10:49  Spore Crawler  
  71  10:50  Spore Crawler x2  
  71  10:54  Spore Crawler  
  68  11:07  Overlord  
  70  11:21  Drone x3  
  69  11:36  Spore Crawler  
  69  11:37  Spore Crawler  
Tags
 
Add a new tag
Caveats
  • Supply blocks, unpowered buildings, or Contaminate may cause inaccurate times.
  • Supply counts are checked every 10 seconds.